 Dungeon Crawl Stone Soup version 0.29.0-4-gdea44cf6ec (webtiles) character file.

Game seed: 16726829620724378437

37 qw the Chopper (level 3, -9/21 HPs)
             Began as a Tengu Warper on Aug 28, 2022.
             Killed by divine providence
             ... invoked by an orc priest
              (10 damage)
             ... on level 3 of the Dungeon.
             The game lasted 00:00:07 (1680 turns).

qw the Chopper (Tengu Warper)                       Turns: 1680, Time: 00:00:08

Health: -9/21      AC:  7    Str: 13    XL:     3   Next: 39%
Magic:  7/7        EV: 11    Int: 13    God:
Gold:   36         SH:  0    Dex: 13    Spells: 6/6 levels left

rFire   . . .      SeeInvis .   Y - +0 hand axe
rCold   . . .      Faith    .   (no shield)
rNeg    . . .      Spirit   .   l - +0 ring mail
rPois   .          Reflect  .   (helmet restricted)
rElec   .          Harm     .   n - +0 cloak
rCorr   .          Rampage  .   h - +0 pair of gloves
Will    .....                   (boots unavailable)
Stlth   +.........              a - amulet of the acrobat
HPRegen 0.07/turn               (no ring)
MPRegen 0.10/turn               (no ring)

@: about to teleport
A: beak, talons 3
a: no special abilities


You were on level 3 of the Dungeon.
You visited 1 branch of the dungeon, and saw 3 of its levels.

You collected 181 gold pieces.
You spent 145 gold pieces at shops.


Innate Abilities, Weirdness & Mutations

You have a beak for a mouth.
You have claws for feet.


   Skills:
 - Level 2.0 Fighting
 + Level 4.1 Axes
 - Level 1.0 Throwing
 - Level 1.1 Armour
 - Level 2.1 Dodging
 - Level 2.0 Spellcasting
 - Level 2.4 Translocations


You had 6 spell levels left.
You didn't know any spells.
Your spell library contained the following spells:

 Spells                   Type           Power      Damage    Failure   Level
 Blink                    Tloc           14%        N/A       30%         2
 Gell's Gravitas          Tloc           7%         N/A       52%         3
 Lesser Beckoning         Tloc           7%         N/A       52%         3
 Teleport Other           Tloc           7%         N/A       52%         3
 Manifold Assault         Tloc           7%         N/A       99%         5

Inventory:

Hand Weapons
 p - the +9 mace of Dismemberment {holy, rF+ MP+9 Dex+2}
   (You found it on level 2 of the Dungeon)

   It has been blessed by the Shining One to cause great damage to the undead
   and demons.
   Dex:       It affects your dexterity (+2).
   rF:        It protects you from fire.
   MP:        It affects your magic capacity (+9).
 Y - a +0 hand axe (weapon)
Armour
 h - a +0 pair of gloves (worn)
 l - a +0 ring mail (worn)
 n - a +0 cloak (worn)
Jewellery
 a - an amulet of the acrobat (around neck)
Scrolls
 b - a scroll of enchant armour {unknown}
 e - a scroll of identify
Potions
 c - a potion of degeneration {unknown}
 d - a potion of flight {unknown}
 f - a potion of berserk rage {unknown}
 j - a potion of heal wounds {unknown}
 m - a potion of haste {unknown}
 o - a potion of resistance

Dungeon Overview and Level Annotations

Branches:
Dungeon (3/15)

Altars:

Shops:
D:2 *


Message History

A bat comes into view.
The orc wizard mumbles some strange words.
The orc wizard flickers and vanishes!
Deactivating autopickup; reactivate with Ctrl-A.
The kobold throws a stone.
The stone completely misses you.
An orc comes into view. It is wielding a +0 club.
The orc moves out of view.
1675 ||| Stepping ~*~*~tactically~*~*~ (hiding).
A rat comes into view.
The bat misses you. The orc completely misses you.
You hit the orc but do no damage. Your kick misses the orc.
You closely miss the bat. You hit something.
The bat hits you but does no damage. Something hits you.
You hit the adder. Your peck misses the adder.
The adder is heavily wounded.
You hit the orc but do no damage. You miss something. The bat misses you.
The adder completely misses you.
You hear some strange, mumbled words.
A puff of flame appears from out of thin air!
The puff of flame misses you.
The puff of flame hits the kobold!
The kobold dies!
The orc closely misses you.
The orc priest invokes the aid of Beogh against you.
Beogh smites you!
Ouch! That really hurt!
The adder bites you.
1679 ||| READING scroll of teleportation.
As you read the scroll of teleportation, it crumbles to dust.
You feel strangely unstable. The bat barely misses you.
The bat hits you but does no damage. The adder closely misses you.
Something hits you but does no damage. The orc hits you with a +0 war axe.
You closely miss the adder. Your peck misses the adder.
The adder is heavily wounded.
You closely miss something. You hit the orc but do no damage.
The bat hits you but does no damage. The adder barely misses you.
Something hits you but does no damage. The orc barely misses you.
The orc priest mumbles some strange prayers to Beogh against you.
Beogh smites you!
You die...

..........# ..........#
... ..........# ....
..........##......#).
....................
......oo...........
......oS).........#
.#....#@b.## ...#
.....r{....## ##.#
......$.....###..######
......................#
............#.........#
#......<...##.........#
##...#....###....<....#
#####.#### #.........#
#. ............#


You could see an orc priest, an adder, 2 orcs, a bat and a rat.

Vanquished Creatures
  2 bats
  2 endoplasms (D:1)
  2 goblins
  4 hobgoblins
  9 jackals (D:1)
  2 quokkas
  2 ball pythons
  2 frilled lizards
  3 kobolds (D:1)
  3 rats
31 creatures vanquished.

Vanquished Creatures (others)
  A kobold (D:3)
1 creature vanquished.

Grand Total: 32 creatures vanquished

Notes
Turn   | Place    | Note
-------+----------+-------------------------------------------
     0 | D:1      | qw the Tengu Warper began the quest for the Orb.
     0 | D:1      | Reached XP level 1. HP: 12/12 MP: 4/4
     0 | D:1      | 0 ||| qw: Version: 0.1-a-89-g26bdef1
     0 | D:1      | 0 ||| qw: Game counter: 613
     0 | D:1      | 0 ||| qw: Always use a shield: true
     0 | D:1      | 0 ||| qw: God list: Okawaru
     0 | D:1      | 0 ||| qw: Allow faded altars: false
     0 | D:1      | 0 ||| qw: Do Orc after D:15 true
     0 | D:1      | 0 ||| qw: Do second Lair branch before Depths: true
     0 | D:1      | 0 ||| qw: Lair rune preference: random
     0 | D:1      | 0 ||| qw: Plans: Normal
     0 | D:1      | 0 ||| PLANNING D:1-11
     1 | D:1      | You fall into a shaft and drop 1 floor!
     2 | D:2      | 2 ||| DROPPING scroll of blinking.
    15 | D:1      | 15 ||| Stepping ~*~*~tactically~*~*~ (stealth).
   175 | D:1      | Reached XP level 2. HP: 17/17 MP: 6/6
   239 | D:1      | Reached skill level 3 in Axes
   468 | D:1      | 468 ||| Stepping ~*~*~tactically~*~*~ (stealth).
   849 | D:1      | 849 ||| Stepping ~*~*~tactically~*~*~ (stealth).
   857 | D:1      | Reached XP level 3. HP: 21/21 MP: 7/7
   925 | D:1      | 925 ||| UPGRADING to +0 pair of gloves.
   930 | D:1      | 930 ||| READING scroll labelled HYOBAG WUZIKO.
   931 | D:1      | 931 ||| READING scroll labelled APTUJA TUSI.
  1103 | D:2      | Reached skill level 4 in Axes
  1144 | D:2      | Found a faded altar of an unknown god.
  1245 | D:2      | Found Ulaelobb's General Store.
  1249 | D:2      | 1249 ||| Stepping ~*~*~tactically~*~*~ (stealth).
  1270 | D:2      | 1270 ||| BUYING +0 cloak (45 gold).
  1270 | D:2      | Bought a +0 cloak for 45 gold pieces
  1270 | D:2      | 1270 ||| SHOPLISTING +2 morningstar of the Orcish Mines
                  | {pain, rPois Int+3} (375 gold, have 102).
  1270 | D:2      | 1270 ||| BUYING potion of resistance (100 gold).
  1270 | D:2      | Bought a potion of resistance for 100 gold pieces
  1270 | D:2      | 1270 ||| SHOPLISTING scroll of teleportation (30 gold, have
                  | 2).
  1555 | D:2      | Identified the +9 mace of Dismemberment {holy, rF+ MP+9
                  | Dex+2}
  1557 | D:2      | 1557 ||| DROPPING +0 club.
  1559 | D:2      | 1559 ||| UPGRADING to +0 ring mail.
  1569 | D:2      | 1569 ||| DROPPING +0 leather armour.
  1570 | D:2      | 1570 ||| UPGRADING to +0 cloak.
  1575 | D:2      | 1575 ||| UPGRADING to amulet of the acrobat.
  1580 | D:2      | 1580 ||| READING 2 scrolls labelled HAACINTAMA.
  1585 | D:2      | 1585 ||| READING scroll labelled TEEFRYKHUG.
  1586 | D:2      | 1586 ||| DRINKING 2 smoky cyan potions.
  1614 | D:2      | 1614 ||| DROPPING potion of lignification.
  1675 | D:3      | 1675 ||| Stepping ~*~*~tactically~*~*~ (hiding).
  1678 | D:3      | HP: 5/21 [adder (2)]
  1679 | D:3      | 1679 ||| READING scroll of teleportation.
  1679 | D:3      | HP: 1/21 [orc/+0 war axe (4)]
  1680 | D:3      | Killed from afar by an orc priest

Levels and vault maps discovered:
D:1:      matt_arrival_diagonals, layout_loops_ring
D:2:      layout_loops_ring, shapermc_ecumenical_altar_ellora, serial_shops,
          shop_fountains
D:3:      layout_rooms

Skill      XL: |  1  2  3 |
---------------+----------+-----
Axes           | 3 4 |  4.1
Fighting       | |  2.0
Throwing       | |  1.0
Armour         | |  1.1
Dodging        | |  2.1
Spellcasting   | |  2.0
Translocations | |  2.4

Action                   || total
-------------------------++-------
Melee: Hand axe          ||    66
       Peck              ||    12
       Kick              ||    12
Throw: Boomerang         ||     7
  Use: Scroll            ||     5
       Potion            ||     1
Armor: Leather armour    ||    15
       Ring mail         ||     8
Dodge: Dodged            ||    45

Table legend:
 A = Non-vault XP
 B = Vault XP
 C = Vault XP percentage of total XP
 D = Non-vault monster count
 E = Vault monster count
 F = Vault count percentage of total count
                 A         B        C        D         E       F
            +---------+---------+-------+---------+---------+-------
      Total |      53 |       0 |   0.0 |      31 |       0 |   0.0
            +---------+---------+-------+---------+---------+-------
        D:1 |      39 |       0 |   0.0 |      22 |       0 |   0.0
        D:2 |      11 |       0 |   0.0 |       7 |       0 |   0.0
        D:3 |       3 |       0 |   0.0 |       2 |       0 |   0.0
            +---------+---------+-------+---------+---------+-------
